 Dungeon Crawl Stone Soup version 0.31.0-11-ge490571c62 (webtiles) character file.

Game seed: 11178364014584445334

32 Hrothgar the Shield-Bearer (level 3, -2/36 HPs)
             Began as a Troll Fighter on Feb 9, 2024.
             Slain by Crazy Yiuf
             ... wielding a +4 quarterstaff of chaos
              (15 damage)
             ... on level 2 of the Dungeon.
             The game lasted 00:02:39 (580 turns).

Hrothgar the Shield-Bearer (Troll Fighter)           Turns: 580, Time: 00:02:40

Health: -2/36      AC:  4    Str: 24    XL:     3   Next: 8%
Magic:  0/2        EV:  8    Int:  6    God:
Gold:   41         SH:  7    Dex:  9    Spells: 0/2 levels left

rFire   . .          .
                       - Unarmed
rCold   . . .        b - +0 kite shield
rNeg    . . .        a - +0 robe
rPois   .            (helmet restricted)
rElec   .            (no cloak)
rCorr   .            (gloves unavailable)
SInv    .            (boots unavailable)
Will    .....        (no amulet)
Stlth   +            (no ring)
HPRegen 1.06/turn    (no ring)
MPRegen 0.08/turn

%: no passive effects
@: lethally poisoned (-2 -> -7)
A: large, unfitting armour, claws 3, regeneration 1, shaggy fur 1, tough skin 1
a: no special abilities


You were on level 2 of the Dungeon.
You visited 1 branch of the dungeon, and saw 2 of its levels.

You collected 41 gold pieces.

Inventory:

Missiles
 d - 4 poisoned darts (quivered)
Armour
 a - a +0 robe (worn)
 b - a +0 kite shield (worn)
Potions
 c - a potion of might
 f - a potion of heal wounds


   Skills:
 * Level 2.7 Fighting
 * Level 0.2 Throwing
 * Level 0.3 Armour
 * Level 2.6 Dodging
 * Level 0.2 Stealth
 * Level 2.9 Shields
 * Level 2.1 Unarmed Combat
 * Level 0.1 Spellcasting


You couldn't memorise any spells.
You knew the following spells:

 Your Spells              Type           Power      Damage    Failure   Level
a - Call Imp              Summ           0%         N/A       86%         2

Your spell library contained the following spells:

 Spells                   Type           Power      Damage    Failure   Level
 Sublimation of Blood     Necr           0%         N/A       86%         2
 Dazzling Flash           Conj/Hex       0%         N/A       97%         3
 Mephitic Cloud           Conj/Alch/Air  0%         N/A       97%         3
 Curse of Agony           Necr           0%         N/A       100%        5
 Silence                  Hex/Air        0%         N/A       100%        5
 Summon Hydra             Summ           0%         N/A       100%        7


Dungeon Overview and Level Annotations

Branches:
Dungeon (2/15)

Altars:

Annotations:
D:2 Crazy Yiuf


Innate Abilities, Weirdness & Mutations

You are too large for most types of armour.
You have claws for hands.
Your natural rate of healing is unusually fast.
You are covered in fur. (AC +1)
You have tough skin. (AC +1)


Message History

You pick up a book of the Senses and begin reading...
You add the spells Dazzling Flash, Mephitic Cloud, Curse of Agony and Silence to your library.
You see here a +0 pair of gloves.
Okay, then.
As you read the scroll labelled HIEQO LOXU, it crumbles to dust.
You feel strangely unstable.
It was a scroll of teleportation.
Your surroundings suddenly seem different.
Found three hammers.
Found a hammer.
You see here a +0 hammer.
You see here a +0 hammer.
Found a hammer.
Found a runed translucent door.
Crazy Yiuf shouts!
Crazy Yiuf screams, "Scoff poople Xom!"
Press: ? - help, v - describe, . - travel
Here: Crazy Yiuf, wielding a +4 quarterstaff of chaos and wearing a +0 cloak (fire blocked by a runed translucent door)
The floor.
Unknown command.
You open the door. You claw Crazy Yiuf!
Crazy Yiuf is heavily wounded.
Crazy Yiuf glowers.
Crazy Yiuf hits you with a +4 quarterstaff of chaos!
You feel your power leaking away.
You closely miss Crazy Yiuf.
Crazy Yiuf is heavily wounded.
Crazy Yiuf closely misses you.
You scratch Crazy Yiuf.
Crazy Yiuf is severely wounded.
Crazy Yiuf hits you with a +4 quarterstaff of chaos!
You are poisoned.
You closely miss Crazy Yiuf.
Crazy Yiuf is severely wounded.
You feel very sick. You block Crazy Yiuf's attack.
You scratch Crazy Yiuf.
Crazy Yiuf is almost dead.
You feel very sick.
Crazy Yiuf hits you with a +4 quarterstaff of chaos!
You die...

.# .# #.#.. .# #.#.
.####.#. .......
....... ##♣♣♣♣♣
..###.###...♣.♣♣♣ ###
#.# #.#)...).♣..♣#...#
..###....)..♣♣♣♣@g...#
....#.#)#..♣♣ ♣♣#..)#
#...#.####♣♣ ###
#.#.#.# #.#...# #.#
######### #.#
#.......### #.###
#.......... #...###
##.###


You could see Crazy Yiuf.

Vanquished Creatures
  An adder (D:2)
  2 dart slugs
  2 ball pythons
  3 endoplasms (D:1)
  A giant cockroach (D:2)
  2 goblins
  2 jackals (D:1)
  2 frilled lizards (D:1)
  2 kobolds (D:2)
  A rat (D:2)
18 creatures vanquished.

Notes
Turn   | Place    | Note
-------+----------+-------------------------------------------
     0 | D:1      | Hrothgar the Troll Fighter began the quest for the Orb.
     0 | D:1      | Reached XP level 1. HP: 22/22 MP: 0/0
   247 | D:1      | Reached XP level 2. HP: 29/29 MP: 1/1
   434 | D:2      | Reached XP level 3. HP: 36/36 MP: 2/2
   437 | D:2      | Learned a level 2 spell: Call Imp
   571 | D:2      | Found a runed translucent door.
   572 | D:2      | Noticed Crazy Yiuf
   580 | D:2      | Slain by Crazy Yiuf

Illustrated notes

Levels and vault maps discovered:
D:1:      lordsloth_arrival_two_stooges, layout_basic,
          hangedman_abyss_or_decor_stabs
D:2:      layout_basic, nicolae_eternal_life, uniq_crazy_yiuf_cottage

Action                     || total
---------------------------++-------
  Melee: Unarmed           ||    32
  Throw: Dart              ||    17
    Use: Scroll            ||     2
 Armour: Robe              ||    22
  Dodge: Dodged            ||     9
  Block: Kite shield       ||    12
